 Dungeon Crawl Stone Soup version 0.22-a0-612-gd2f0174 (webtiles) character file.

707 Hebeh the Conjurer (level 7, -1/40 HPs)
             Began as a Deep Elf Fire Elementalist on July 11, 2018.
             Slain by an orc warrior
             ... wielding a +0 hand axe
              (8 damage)
             ... on level 5 of the Dungeon.
             The game lasted 00:25:47 (5625 turns).

Hebeh the Conjurer (Deep Elf Fire Elementalist)     Turns: 5625, Time: 00:25:48

Health: -1/40      AC:  3    Str:  5    XL:     7   Next: 39%
Magic:  14/16      EV: 15    Int: 22    God:
Gold:   204        SH:  0    Dex: 15    Spells: 10/16 levels left

rFire    . . .     SeeInvis +   b - +0 hunting sling
rCold    + . .     Gourm    .   (no shield)
rNeg     . . .     Faith    .   q - +0 robe
rPois    .         Spirit   .   (no helmet)
rElec    .         Reflect  .   (no cloak)
rCorr    .         Harm     .   (no gloves)
MR       .....                  v - +0 pair of boots
Stlth    ++........             (no amulet)
HPRegen  0.13/turn              z - ring of see invisible
MPRegen  0.15/turn              e - ring of protection from cold

@: no status effects
A: no striking features
a: no special abilities


You were on level 5 of the Dungeon.
You were not hungry.

You visited 1 branch of the dungeon, and saw 5 of its levels.

You collected 204 gold pieces.

Inventory:

Hand Weapons
 a - a +4 mace of holy wrath
 b - a +0 hunting sling (weapon)
 g - a +0 short sword
Missiles
 i - 42 stones
 k - 11 tomahawks
 p - 84 sling bullets (quivered)
Armour
 q - a +0 robe (worn)
 v - a +0 pair of boots (worn)
Jewellery
 e - a ring of protection from cold (right hand)
 z - a ring of see invisible (left hand)
 A - an uncursed ring of magical power {unknown}
Wands
 l - a wand of flame (21)
 y - a wand of paralysis (11)
Scrolls
 d - 2 scrolls of fog
 h - a scroll of amnesia
 n - 2 scrolls of remove curse
 t - 2 scrolls of magic mapping
 u - a scroll of teleportation
 B - a scroll of identify
Potions
 f - a potion of ambrosia {unknown}
 j - 2 potions of haste
 m - a potion of flight {unknown}
 o - a potion of brilliance {unknown}
 r - a potion of agility {unknown}
 s - a potion of berserk rage {unknown}
 x - a potion of magic
Comestibles
 c - 5 rations
 w - a chunk of flesh


   Skills:
 + Level 2.5 Fighting
 + Level 4.7 Dodging
 - Level 2.4 Stealth
 - Level 5.0 Spellcasting
 - Level 5.0 Conjurations
 - Level 5.0 Fire Magic


You had 10 spell levels left.
You knew the following spells:

 Your Spells              Type           Power        Failure   Level  Hunger
a - Flame Tongue          Conj/Fire      ####.        1%          1    None
b - Throw Flame           Conj/Fire      ####..       1%          2    None
c - Conjure Flame         Conj/Fire      ####....     3%          3    ##.....

Your spell library contained the following spells:

 Spells                   Type           Power        Failure   Level  Hunger
 Fireball                 Conj/Fire      ####......   34%         5    #####..
 Sticky Flame             Conj/Fire      ####....     13%         4    ####...
 Inner Flame              Hex/Fire       ###.....     11%         3    ##.....


Dungeon Overview and Level Annotations

Branches:
Dungeon (5/15)
 Temple: D:4-7

Altars:
Xom
The Shining One


Message History

The orc warrior barely misses you. The hound skeleton bites you.
An orc wizard comes into view.
It is wielding a dagger of electrocution.
The hound skeleton completely misses you.
The orc hits you. The hound skeleton misses you. The orc closely misses you.
An orc comes into view. It is wielding a hand axe of flaming.
The orc wizard casts a spell.
The orc wizard flickers and vanishes for a moment.
The orc wizard casts a spell at you. The puff of flame hits you!
* * * LOW HITPOINT WARNING * * *
The orc wizard miscasts a cantrip.
The sentinel's mark upon you fades away.
The orc hits you but does no damage. The orc wizard completely misses you.
The orc barely misses you.
A sky beast comes into view.
There is a stone staircase leading up here.
The orc hits you but does no damage.
The orc warrior hits you with a hand axe!
You die...

.....(..>.# ##
##.###.#####.###.
......)..†.o..Y.
#.###...#####.## # #.#
#.#..####o# ##.#
#..##.........##....
#####..###.............
...............oo......
#######.##...Jo@.......
#.##....ooZ......
###.##............. ##
#............##...#
...#............# ####
#..............#
#.....######## #...<.#
#######


You could see an orc warrior, a sky beast, 2 orc wizards, an ooze, 3 orcs and a
hound skeleton.

Vanquished Creatures
  4 scorpions (D:4)
  2 howler monkeys (D:4)
  A bullfrog skeleton (D:4)
  An orc priest (D:4)
  2 orc wizards (D:4)
  Ijyb (D:3)
  Terence (D:2)
  2 worker ants
  11 adders
  A shadow imp (D:4)
  An adder skeleton (D:4)
  A worm (D:2)
  3 dart slugs (D:1)
  4 leopard geckos
  10 orcs
  6 giant cockroaches
  15 goblins
  8 hobgoblins
  4 jackals (D:1)
  6 kobolds
  A quokka (D:3)
  3 ball pythons
  8 bats
  5 frilled lizards
  A leopard gecko skeleton (D:4)
  A quokka skeleton (D:4)
  8 rats
111 creatures vanquished.

Notes
Turn   | Place    | Note
-------+----------+-------------------------------------------
     0 | D:1      | Hebeh the Deep Elf Fire Elementalist began the quest for the Orb.
     0 | D:1      | Reached XP level 1. HP: 10/10 MP: 6/6
   143 | D:1      | Reached XP level 2. HP: 15/15 MP: 4/8
   542 | D:1      | Reached XP level 3. HP: 19/19 MP: 7/10
  1382 | D:2      | Reached XP level 4. HP: 24/24 MP: 9/11
  1525 | D:2      | Found a shimmering altar of Xom.
  1525 | D:2      | Found a shimmering altar of Xom.
  1527 | D:2      | Found a shimmering altar of Xom.
  1630 | D:2      | Noticed Terence
  1637 | D:2      | Killed Terence
  2208 | D:3      | Learned a level 2 spell: Throw Flame
  2212 | D:3      | Learned a level 3 spell: Conjure Flame
  2234 | D:3      | Reached XP level 5. HP: 28/28 MP: 5/13
  2567 | D:3      | Found a glowing golden altar of the Shining One.
  2605 | D:3      | Noticed Ijyb
  2606 | D:3      | Paralysed by Ijyb for 2 turns
  2618 | D:3      | Killed Ijyb
  3302 | D:4      | Reached XP level 6. HP: 32/32 MP: 9/15
  3373 | D:4      | Reached skill level 5 in Spellcasting
  3373 | D:4      | Reached skill level 5 in Conjurations
  3463 | D:4      | Reached skill level 5 in Fire Magic
  3910 | D:4      | Reached skill level 1 in Fighting
  4287 | D:4      | Reached XP level 7. HP: 34/38 MP: 11/16
  5491 | D:5      | Entered Level 5 of the Dungeon
  5625 | D:5      | Slain by an orc warrior

Vault maps used:
D:1:      dpeg_arrival_fog, kennysheep_decorative_pillar
D:2:      minmay_misc_feat_encased, xom_redecorated, uniq_terence
D:3:      nicolae_tso_swordbearing_angel, uniq_ijyb
D:5:      first_ration, minmay_joined_circles

Skill      XL: |  1  2  3  4  5  6  7 |
---------------+----------------------+-----
Conjurations   | 2 3 4 5 |  5.0
Fire Magic     | 4 5 |  5.0
Spellcasting   | 4 5 |  5.0
Dodging        | 3 4 |  4.7
Fighting       | 1 2 |  2.5
Stealth        | |  2.4

Action                   |  1- 3 |  4- 6 |  7- 9 || total
-------------------------+-------+-------+-------++-------
Melee: Unarmed           |     2 |       |       ||     2
       Mace              |       |     3 |       ||     3
 Fire: Hunting sling     |       |     1 |       ||     1
Throw: Stone             |     2 |       |       ||     2
 Cast: Flame Tongue      |    67 |    73 |    17 ||   157
       Throw Flame       |       |    50 |    16 ||    66
       Conjure Flame     |       |     1 |       ||     1
  Use: Scroll            |       |    11 |       ||    11
  Eat: Chunk             |     1 |     9 |     1 ||    11
       Ration            |       |       |     1 ||     1
Armor: Robe              |     4 |    13 |     3 ||    20
Dodge: Dodged            |    12 |    55 |     8 ||    75

Table legend:
 A = Spawn XP
 B = Non-spawn XP
 C = Spawn XP percentage of total XP
 D = Spawn monster count
 E = Non-spawn monster count
 F = Spawn count percentage of total count
 G = Total turns spent on level
                    A         B        C        D         E        F      G
               +---------+---------+-------+---------+---------+-------+---------
         Total |       0 |    1010 |   0.0 |       0 |     111 |   0.0 |  5625
               +---------+---------+-------+---------+---------+-------+---------
           D:1 |       0 |      58 |   0.0 |       0 |      32 |   0.0 |  1064
           D:2 |       0 |     130 |   0.0 |       0 |      22 |   0.0 |  1140
           D:3 |       0 |     145 |   0.0 |       0 |      28 |   0.0 |  1535
           D:4 |       0 |     657 |   0.0 |       0 |      25 |   0.0 |  1830
           D:5 |       0 |      20 |   0.0 |       0 |       4 |   0.0 |    56
               +---------+---------+-------+---------+---------+-------+---------
